 Dungeon Crawl Stone Soup version 0.22-a0-422-g9628fc87f1 (webtiles) character file.

14469 Ikesh the Covert (level 12, -27/70 HPs)
             Began as a Kobold Enchanter on May 19, 2018.
             Was an Elder of Wu Jian.
             Hit by a large rock thrown by a cyclops (45 damage)
             ... on level 11 of the Dungeon.
             The game lasted 01:44:51 (15413 turns).

Ikesh the Covert (Kobold Enchanter)                Turns: 15413, Time: 01:44:52

Health: -27/70     AC: 14    Str:  7    XL:     12   Next: 45%
Magic:  24/25      EV: 18    Int: 26    God:    Wu Jian [****..]
Gold:   434        SH:  0    Dex: 14    Spells: 2/29 levels left

rFire    . . .     SeeInvis .   h - +7 long sword "Hydrabane" {venom, Int+7 Dex-2}
rCold    + . .     Gourm    .   (shield restricted)
rNeg     . . .     Faith    .   n - +2 robe {rC+}
rPois    .         Spirit   .   H - +0 helmet
rElec    .         Reflect  .   c - +2 cloak
rCorr    +         Harm     +   t - +2 pair of gloves
MR       .....                  u - +2 pair of boots
Stlth    +++++.....             s - amulet of harm (curse)
HPRegen  0.21/turn              f - ring of resist corrosion
MPRegen  0.19/turn              r - ring of wizardry

@: no status effects
A: small, carnivore
a: Wall Jump, Serpent's Lash, Renounce Religion


You were on level 11 of the Dungeon.
You worshipped Wu Jian.
Wu Jian was greatly pleased with you.
You were completely stuffed.

You visited 2 branches of the dungeon, and saw 12 of its levels.

You collected 775 gold pieces.
You spent 341 gold pieces at shops.

Inventory:

Hand Weapons
 h - the +7 long sword "Hydrabane" (weapon) {venom, Int+7 Dex-2}
   (You found it on level 4 of the Dungeon)

   It poisons the flesh of those it strikes.
   It affects your intelligence (+7).
   It affects your dexterity (-2).
 v - a +4 dagger of distortion
 D - the +5 dagger of Vigailel {pierce, *Rage rN+ Str+4}
   (You bought it in a shop on level 8 of the Dungeon)

   It inflicts extra damage upon your enemies.
   It affects your strength (+4).
   It protects you from negative energy.
   It may make you go berserk in combat.
Armour
 c - a +2 cloak (worn)
 n - a +2 robe of cold resistance (worn)
 t - a +2 pair of gloves (worn)
 u - a +2 pair of boots (worn)
 H - a +0 helmet (worn)
Jewellery
 a - the amulet "Akafoal" {*Contam Regen+ Int+7, unknown}
   (You acquired it on level 11 of the Dungeon)

   [amulet of regeneration]

   It affects your intelligence (+7).
   It causes magical contamination when unequipped.
   It increases your rate of regeneration.
 f - a ring of resist corrosion (left hand)
 g - an uncursed amulet of guardian spirit {unknown}
 r - a ring of wizardry (right hand)
 s - a cursed amulet of harm (around neck)
 x - an uncursed ring of protection from cold {unknown}
Wands
 i - a wand of paralysis (40)
 I - a wand of disintegration (19)
Scrolls
 e - 2 scrolls of immolation
 l - a scroll of amnesia
 p - a scroll of blinking
 q - 4 scrolls of remove curse
 y - a scroll of fog
 z - 2 scrolls of teleportation
 E - a scroll of summoning
Potions
 j - a potion of lignification {unknown}
 k - 4 potions of curing
 m - a potion of brilliance {unknown}
 o - a potion of ambrosia {unknown}
 w - a potion of flight {unknown}
 A - a potion of might
 B - 2 potions of agility {unknown}
 C - a potion of berserk rage
 F - 2 potions of heal wounds
 G - 3 potions of mutation {unknown}
Comestibles
 d - 16 rations


   Skills:
 + Level 6.0 Fighting
 + Level 5.6(9.1) Short Blades
 + Level 7.1(7.5) Long Blades
 + Level 2.8 Armour
 + Level 6.0 Dodging
 + Level 12.6 Stealth
 + Level 9.1 Spellcasting
 + Level 8.3 Hexes
   Level 4.0 Invocations
 + Level 4.3 Evocations


You had 2 spell levels left.
You knew the following spells:

 Your Spells              Type           Power        Failure   Level  Hunger
a - Summon Small Mammal   Summ           ##..         1%          1    None
b - Confuse               Hex            ######..     1%          3    None
c - Tukima's Dance        Hex            ######..     1%          3    None
d - Dazzling Spray        Conj/Hex       ####..       1%          3    None
e - Cause Fear            Hex            ######....   1%          4    #......
f - Yara's Violent Unrav  Hex/Tmut       ####......   11%         5    ####...
g - Discord               Hex            ######....   98%         8    #######

Your spell library contained the following spells:

 Spells                   Type           Power        Failure   Level  Hunger
 Apportation              Tloc           ##....       1%          1    None
 Animate Dead             Necr           N/A          21%         4    #......
 Pain                     Necr           ##..         1%          1    None
 Animate Skeleton         Necr           N/A          1%          1    None
 Vampiric Draining        Necr           ##........   6%          3    None
 Summon Ice Beast         Ice/Summ       ##......     21%         4    #......
 Call Imp                 Summ           ##......     3%          2    None
 Regeneration             Chrm/Necr      ##........   6%          3    None
 Deflect Missiles         Chrm/Air       ##........   95%         6    ######.
 Confusing Touch          Hex            ######       1%          1    None
 Call Canine Familiar     Summ           ##......     6%          3    None
 Ensorcelled Hibernation  Hex/Ice        ####..       1%          2    None
 Silence                  Hex/Air        ####......   11%         5    ####...
 Corona                   Hex            ######.      1%          1    None
 Summon Lightning Spire   Summ/Air       ##......     21%         4    #......
 Summon Guardian Golem    Hex/Summ       ####....     1%          3    None


Dungeon Overview and Level Annotations

Branches:
Dungeon (11/15)            Temple (1/1) D:6            Lair (0/6) D:11
    Orc (0/2) D:11

Altars:
Ashenzari
Cheibriados
Dithmenos
Elyvilon
Fedhas
Gozag
Hepliaklqana
Kikubaaqudgha
Makhleb
Nemelex Xobeh
Okawaru
Qazlal
Ru
Sif Muna
Trog
Uskayaw
Vehumet
Wu Jian
Xom
Yredelemnul
Zin
The Shining One

Shops:
D:6 ?   D:8 (

Annotations:
D:11 2 runed doors


Innate Abilities, Weirdness & Mutations

You are small and have problems with some larger weapons.
You are carnivorous and can eat meat at any time.


Message History

Aim: a cyclops (chance to defeat MR: 57%)
Okay, then.
The tengu conjurer shouts, "What's happening?!"
You barely miss the tengu conjurer.
The tengu conjurer asks, "Where am I?"
The cyclops throws a large rock.
The large rock hits you!!
You see here a large rock.
Something hits the cyclops.
Something pecks the cyclops but does no damage.
Something claws the cyclops.
The cyclops throws a large rock.
The large rock barely misses you.
You see here a large rock.
The cyclops throws a large rock.
The large rock hits you!!
* * * LOW HITPOINT WARNING * * *
Things that are here:
a large rock; a vampire mosquito corpse The tengu conjurer chortles and stares into space.
The cyclops throws a large rock.
The large rock hits you!!!
Ouch! That really hurt!
You die...

...).#..#####
#.#.#.#.#.)###....< '#.).'##
...##.#.#.#.#.#..#.....
.#...####
##+##.#.#.#.#..###.....
.#...'..# ...#.#.#.#..###
#..... .#...###..#
o.#.#.#..### #....(
.#)....#####+##.#..### .#.....
.#.......###..#..###
###..#.....
##.........###(.######:CZ#
#....#
.............###@((..([#
#....#
...............#######}Q[#
#....# ####..............###
###..#....#
#................### .#....#
#..................### #....#
#....................####....#
#.............................
#.............................
##############################


You could see a cyclops and a tengu conjurer (confused).

Vanquished Creatures
  A hydra (D:11)
  The ghost of Asanbosam the Chucker, a journeyman GnWn of Cheibriados (D:10)
  6 two-headed ogres
  The ghost of flinch the Archer, a novice GnHu of Kikubaaqudgha (D:5)
  A manticore (D:11)
  A cyclops (D:11)
  Psyche (D:9)
  A komodo dragon (D:11)
  A troll (D:9)
  A hornet (D:7)
  Sigmund (D:3)
  A centaur simulacrum (D:11)
  2 wyverns (D:11)
  A wraith (D:11)
  A human (D:8)
  2 basilisks (D:11)
  A steam dragon (D:11)
  A vampire mosquito (D:11)
  A water moccasin (D:9)
  Duvessa (D:5)
  3 orc warriors (D:8)
  2 sky beasts
  A black bear (D:7)
  A necrophage (D:7)
  2 ice beasts
  6 phantoms
  6 ogres
  3 centaurs
  2 crocodiles
  Blork the orc (D:4)
  5 bullfrogs
  A big kobold (D:8)
  2 gnoll sergeants
  A wyvern zombie (D:8)
  3 scorpions
  A water moccasin skeleton (D:8)
  A wyvern skeleton (D:8)
  Dowan (D:5)
  4 killer bees
  3 howler monkeys
  3 wights (D:8)
  2 bullfrog zombies
  3 crimson imps
  2 quasits
  Crazy Yiuf (D:3)
  5 orc priests
  6 gnoll shamans
  3 hounds
  4 jellies
  11 orc wizards
  A bullfrog skeleton (D:9)
  2 centaur skeletons
  2 iguanas
  7 worker ants
  A mummy (D:9)
  38 gnolls
  7 adders
  A shadow imp (D:7)
  An ooze (D:7)
  An adder skeleton (D:4)
  2 worms (D:2)
  5 dart slugs
  3 leopard geckos
  52 orcs
  4 giant cockroaches
  4 hobgoblins
  25 jackals
  6 quokkas
  A ball python (D:1)
  13 bats
  5 frilled lizards
  A giant cockroach zombie (D:5)
  6 goblins
  A jackal skeleton (D:7)
  9 kobolds
  A leopard gecko skeleton (D:5)
  7 rats
322 creatures vanquished.

Notes
Turn   | Place    | Note
-------+----------+-------------------------------------------
     0 | D:1      | Ikesh the Kobold Enchanter began the quest for the Orb.
     0 | D:1      | Reached XP level 1. HP: 10/10 MP: 3/3
   452 | D:1      | Reached XP level 2. HP: 14/15 MP: 1/5
   831 | D:1      | Reached XP level 3. HP: 4/19 MP: 4/6
  1105 | D:1      | Learned a level 3 spell: Confuse
  1109 | D:1      | Learned a level 3 spell: Tukima's Dance
  1379 | D:1      | You fall through a shaft!
  1596 | D:2      | Found a white marble altar of Elyvilon.
  1605 | D:2      | Became a worshipper of Elyvilon the Healer
  1757 | D:2      | Reached XP level 4. HP: 24/24 MP: 5/8
  2220 | D:2      | Found a faded altar of an unknown god.
  2317 | D:2      | Found an ornate altar of the Wu Jian Council.
  3012 | D:3      | Found a runed door.
  3265 | D:3      | Noticed Sigmund
  3448 | D:3      | Reached * piety under Elyvilon
  3628 | D:4      | Noticed Blork the orc
  3636 | D:4      | Reached skill level 5 in Short Blades
  3636 | D:4      | Reached skill level 5 in Dodging
  3636 | D:4      | Reached skill level 7 in Stealth
  3636 | D:4      | Reached skill level 5 in Hexes
  3636 | D:4      | Reached XP level 5. HP: 33/33 MP: 9/12
  3641 | D:4      | Learned a level 3 spell: Dazzling Spray
  3657 | D:4      | Killed Blork the orc
  3657 | D:4      | Reached skill level 5 in Spellcasting
  3657 | D:4      | Reached XP level 6. HP: 38/38 MP: 11/13
  3865 | D:4      | Learned a level 1 spell: Summon Small Mammal
  3873 | D:4      | Noticed a phantom
  4103 | D:4      | Reached ** piety under Elyvilon
  4105 | D:4      | Reached XP level 7. HP: 43/43 MP: 14/14
  4590 | D:4      | Got a pitted long sword
  4614 | D:4      | Identified the +7 long sword "Hydrabane" {venom, Int+7 Dex-2} (You found it on level 4 of the Dungeon)
  5023 | D:5      | Entered Level 5 of the Dungeon
  5134 | D:5      | Found a shadowy altar of Dithmenos.
  5134 | D:5      | Noticed flinch's ghost (novice GnHu)
  5157 | D:5      | Reached XP level 8. HP: 40/48 MP: 16/16
  5253 | D:5      | Reached *** piety under Elyvilon
  5420 | D:5      | Found a basalt altar of Yredelemnul.
  5450 | D:5      | Noticed Duvessa
  5450 | D:5      | Noticed Dowan
  5464 | D:5      | Reached skill level 1 in Long Blades
  5466 | D:5      | Killed Dowan
  5470 | D:5      | Killed Duvessa
  5602 | D:6      | Was placed under penance by Elyvilon
  5755 | D:6      | Found Vumpuk's Magic Scroll Shop.
  5758 | D:6      | Bought a scroll of enchant armour for 90 gold pieces
  5758 | D:6      | Bought a scroll of enchant armour for 90 gold pieces
  5828 | D:6      | Found a staircase to the Ecumenical Temple.
  5898 | D:6      | Found a hazy altar of Hepliaklqana.
  5899 | D:6      | Found a shimmering altar of Xom.
  5900 | D:6      | Noticed a spectral ugly thing
  5949 | D:6      | Was forgiven by Elyvilon
  6060 | D:6      | Found a sand-covered staircase.
  6094 | D:6      | Found a shattered altar of Ashenzari.
  6288 | D:6      | Reached skill level 8 in Stealth
  6359 | D:6      | Reached XP level 9. HP: 48/52 MP: 18/18
  7091 | D:6      | Reached **** piety under Elyvilon
  7402 | Temple   | Entered the Ecumenical Temple
  7786 | D:5      | Killed flinch's ghost
  7869 | D:5      | Found a radiant altar of Vehumet.
  8023 | D:3      | Found a bloodstained altar of Trog.
  8026 | D:3      | Killed Sigmund
  8246 | D:2      | Fell from the grace of Elyvilon
  8246 | D:2      | Became a worshipper of the Wu Jian Council
  8311 | D:3      | Noticed Crazy Yiuf
  8314 | D:3      | Killed Crazy Yiuf
  8451 | D:3      | Found a radiant altar of Vehumet.
  8710 | D:7      | Reached XP level 10. HP: 33/58 MP: 7/19
  9017 | D:7      | Found a deep blue altar of Sif Muna.
  9151 | D:7      | Found a bloodstained altar of Trog.
  9185 | D:7      | Reached skill level 9 in Stealth
  9358 | D:7      | Reached skill level 5 in Fighting
  9792 | D:8      | Reached * piety under Wu Jian
 10306 | D:8      | Found Luch's Antique Weapon Boutique.
 10482 | D:8      | Noticed a two-headed ogre
 10711 | D:7      | Killed a two-headed ogre
 10765 | D:8      | Reached skill level 10 in Stealth
 10821 | D:8      | Noticed a two-headed ogre
 10841 | D:8      | Killed a two-headed ogre
 10841 | D:8      | Reached skill level 5 in Long Blades
 10841 | D:8      | Reached XP level 11. HP: 48/64 MP: 14/22
 10999 | D:8      | Found a blossoming altar of Fedhas.
 11021 | D:8      | Reached ** piety under Wu Jian
 11404 | D:8      | Bought a fine dagger for 161 gold pieces
 11407 | D:8      | Identified the +5 dagger of Vigailel {pierce, *Rage rN+ Str+4} (You bought it in a shop on level 8 of the Dungeon)
 11723 | D:9      | Found a snail-covered altar of Cheibriados.
 11783 | D:9      | Noticed a two-headed ogre
 11811 | D:9      | Killed a two-headed ogre
 11949 | D:9      | Noticed a two-headed ogre
 12026 | D:9      | Noticed a two-headed ogre
 12037 | D:9      | Killed a two-headed ogre
 12301 | D:9      | Found an opulent altar of Gozag.
 12531 | D:9      | Killed a two-headed ogre
 12551 | D:9      | Noticed Psyche
 12559 | D:9      | Killed Psyche
 12645 | D:9      | Learned a level 4 spell: Cause Fear
 12707 | D:9      | Found a glowing silver altar of Zin.
 12707 | D:9      | Noticed an angel
 12920 | D:10     | Entered Level 10 of the Dungeon
 13064 | D:10     | Reached skill level 11 in Stealth
 13143 | D:10     | Reached *** piety under Wu Jian
 13188 | D:10     | Identified a scroll of acquirement
 13215 | D:10     | Learned a level 5 spell: Yara's Violent Unravelling
 13328 | D:10     | Noticed Asanbosam's ghost (journeyman GnWn)
 13348 | D:10     | Killed Asanbosam's ghost
 13801 | D:10     | Noticed a two-headed ogre
 13819 | D:10     | Killed a two-headed ogre
 13819 | D:10     | Reached XP level 12. HP: 41/69 MP: 20/24
 13846 | D:10     | Learned a level 8 spell: Discord
 14042 | D:11     | Found a staircase to the Orcish Mines.
 14142 | D:11     | Reached skill level 12 in Stealth
 14341 | D:11     | Found a staircase to the Lair.
 14817 | D:11     | Got a smoking ruby amulet
 14934 | D:11     | Noticed a five-headed hydra
 14970 | D:11     | Killed a ten-headed hydra
 15209 | D:11     | Found a runed door.
 15271 | D:11     | Reached **** piety under Wu Jian
 15397 | D:11     | Found a runed door.
 15413 | D:11     | Hit by a large rock thrown by a cyclops

Vault maps used:
D:1:      dpeg_arrival_court, columned_hall_lemuel
D:2:      nicolae_overflow_crystal_walls, elyvilon_altar_1, first_ration,
          chequers_ecumenical_altar_island
D:3:      lemuel_upstairs_altar, trog_butcher_becter, uniq_sigmund,
          uniq_crazy_yiuf_cottage
D:4:      uniq_blork_the_orc
D:5:      lemuel_round_altar, fiery_altar_vehumet, grunt_dithmenos_smoke,
          uniq_duvessa
D:6:      lemuel_castle_with_subvaults, regret_index_temple_of_mockery,
          lemuel_doored_altar, minmay_temple_entry_statues, enter_ossuary_2,
          serial_shops, nicolae_shop_behind_doors
D:7:      old_standard_altar, lemuel_blue_sif_altar
D:8:      lemuel_crystal_altar, serial_shops, nicolae_shop_stone, grunt_pizzeria
D:9:      kennysheep_little_box, slow_altar_2, zin_angel, uniq_psyche
D:11:     minmay_the_grid_triangle_9x9_rhombus_thin, erik_lair_dragon
Temple:   kb_temple_of_zot

Skill      XL: |  1  2  3  4  5  6  7  8  9 10 11 12 |
---------------+-------------------------------------+-----
Short Blades   | 2 5 |  5.6
Spellcasting   | 4 5 6 7 8 9 |  9.1
Fighting       | 3 4 5 6 |  6.0
Armour         | 2 |  2.8
Dodging        | 5 6 |  6.0
Stealth        | 7 8 10 11 12 | 12.6
Hexes          | 5 6 7 8 |  8.3
Invocations    | 3 4 |  4.0
Evocations     | 4 |  4.3
Long Blades    | 2 3 5 6 7 |  7.1

Action                   |  1- 3 |  4- 6 |  7- 9 | 10-12 || total
-------------------------+-------+-------+-------+-------++-------
Melee: Dagger            |   168 |   142 |    69 |       ||   379
       Long sword        |       |       |   230 |   416 ||   646
 Cast: Corona            |    40 |     7 |       |       ||    47
       Confuse           |     4 |    26 |    63 |   109 ||   202
       Tukima's Dance    |       |     1 |       |       ||     1
       Summon Small Mamm |       |       |     1 |       ||     1
Invok: Purification      |       |       |     3 |       ||     3
       Divine Protection |       |       |     1 |       ||     1
       Lunge             |       |       |     5 |    72 ||    77
       Whirlwind         |       |       |       |    37 ||    37
       Wall Jump         |       |       |       |    26 ||    26
Evoke: Wand              |       |       |       |     6 ||     6
  Use: Potion            |     1 |     6 |     4 |     1 ||    12
       Scroll            |       |    10 |     4 |    12 ||    26
 Stab: Sleeping          |     5 |     7 |    11 |    32 ||    55
       Confused          |     2 |    11 |    29 |    57 ||    99
       Invisible         |       |       |     1 |       ||     1
       Distracted        |       |       |     1 |     1 ||     2
  Eat: Chunk             |    12 |    10 |    17 |    22 ||    61
Armor: Robe              |    25 |    29 |    47 |    55 ||   156
Dodge: Dodged            |   144 |   109 |   144 |   191 ||   588
       Rpst.: Long sword |       |       |    37 |    47 ||    84

Table legend:
 A = Spawn XP
 B = Non-spawn XP
 C = Spawn XP percentage of total XP
 D = Spawn monster count
 E = Non-spawn monster count
 F = Spawn count percentage of total count
 G = Total turns spent on level
                    A         B        C        D         E        F      G
               +---------+---------+-------+---------+---------+-------+---------
         Total |       0 |   20549 |   0.0 |       0 |     322 |   0.0 | 15413
               +---------+---------+-------+---------+---------+-------+---------
           D:1 |       0 |      44 |   0.0 |       0 |      28 |   0.0 |  1705
           D:2 |       0 |      60 |   0.0 |       0 |      25 |   0.0 |  1228
           D:3 |       0 |     309 |   0.0 |       0 |      18 |   0.0 |  1105
           D:4 |       0 |     613 |   0.0 |       0 |      25 |   0.0 |  1591
           D:5 |       0 |    1056 |   0.0 |       0 |      13 |   0.0 |   775
           D:6 |       0 |    1452 |   0.0 |       0 |      65 |   0.0 |  2068
           D:7 |       0 |    2125 |   0.0 |       0 |      19 |   0.0 |  1446
           D:8 |       0 |    2848 |   0.0 |       0 |      48 |   0.0 |  1619
           D:9 |       0 |    3986 |   0.0 |       0 |      21 |   0.0 |  1258
          D:10 |       0 |    3530 |   0.0 |       0 |      33 |   0.0 |  1122
          D:11 |       0 |    4526 |   0.0 |       0 |      27 |   0.0 |  1371
               +---------+---------+-------+---------+---------+-------+---------
